[ AOE2 MATCH · #494079494 ]
UnrankedSpanish vs Georgians
Player's team · WIN
Rival team · LOSS
[ REPLAY ANALYSIS · EXTRACTED FROM THE RECORDED GAME ]
Feudal
10:56
Castle
14:55
Imperial
32:10
| APM avg | 65.4 |
| APM peak | 120 |
| eAPM avg | 34.5 |
| Villagers / military | 53 / 55 |
Focus
⚔️ 57.2% · 🌾 42.8%
Missionary ×52 · Conquistador ×2 · Trebuchet (Packed) ×1
Feudal
8:30
Castle
28:47
Imperial
—
| APM avg | 77.0 |
| APM peak | 107 |
| eAPM avg | 29.8 |
| Villagers / military | 79 / 53 |
Focus
⚔️ 20.4% · 🌾 79.6%
Scout Cavalry ×28 · Skirmisher ×17 · Archer ×5 · Militia ×3
Match map
Initial resources + every placement click. Lines = walls · curves = elevation contours. ◆ gold · ⬟ stone · ● berries · ✦ relic · ◌ wall gap
Your base· Open — 5t gap
acherafo1234's base· Open — 9t gap
Smoothed initial terrain · ◌ = detected wall gap · hover for details
Inputs per minute
— TAG_Sitaux - - acherafo1234
Build order — TAG_Sitaux
First 150 of 228 actions detected
| 0:01 | Create | Villager (Male) |
| 0:01 | Create | Villager (Male) |
| 0:01 | Build | House |
| 0:02 | Build | House |
| 0:07 | Create | Villager (Male) |
| 0:08 | Create | Villager (Male) |
| 1:31 | Create | Villager (Male) |
| 1:49 | Create | Villager (Male) |
| 1:49 | Create | Villager (Male) |
| 2:06 | Create | Villager (Male) |
| 2:46 | Create | Villager (Male) |
| 2:46 | Create | Villager (Male) |
| 2:49 | Build | Lumber Camp |
| 3:02 | Create | Villager (Male) |
| 3:02 | Create | Villager (Male) |
| 3:24 | Build | House |
| 3:25 | Build | House |
| 3:39 | Create | Villager (Male) |
| 3:58 | Create | Villager (Male) |
| 4:25 | Build | Palisade Wall |
| 4:28 | Create | Villager (Male) |
| 5:06 | Build | Mill |
| 5:08 | Create | Villager (Male) |
| 5:29 | Build | Palisade Wall |
| 5:30 | Build | Palisade Wall |
| 5:43 | Create | Villager (Male) |
| 5:47 | Build | Palisade Wall |
| 5:58 | Build | Palisade Wall |
| 5:59 | Build | Palisade Wall |
| 6:02 | Create | Villager (Male) |
| 6:04 | Build | Palisade Wall |
| 6:05 | Build | Palisade Wall |
| 6:30 | Create | Villager (Male) |
| 6:43 | Create | Villager (Male) |
| 6:52 | Build | House |
| 6:54 | Build | Palisade Wall |
| 6:55 | Build | Palisade Wall |
| 7:03 | Create | Villager (Male) |
| 7:21 | Build | Palisade Wall |
| 7:23 | Build | Palisade Wall |
| 7:24 | Create | Villager (Male) |
| 7:26 | Build | Palisade Wall |
| 8:16 | Create | Villager (Male) |
| 8:44 | Research | Feudal Age |
| 9:34 | Research | Loom |
| 9:35 | Create | Villager (Male) |
| 9:36 | Research | Loom |
| 9:44 | Build | Mining Camp |
| 10:56 | Age | Feudal Age |
| 11:01 | Build | Market |
| 11:19 | Build | Stone Wall |
| 11:21 | Build | Stone Wall |
| 11:24 | Build | Stone Wall |
| 11:26 | Build | Stone Wall |
| 11:32 | Build | Stone Wall |
| 11:36 | Build | Blacksmith |
| 11:38 | Create | Villager (Male) |
| 11:45 | Build | Stone Wall |
| 11:46 | Build | Stone Wall |
| 12:15 | Research | Castle Age |
| 12:37 | Research | Double-Bit Axe |
| 12:37 | Research | Double-Bit Axe |
| 13:35 | Build | House |
| 13:43 | Build | Palisade Wall |
| 13:44 | Build | Palisade Wall |
| 13:57 | Build | Farm |
| 14:15 | Build | Farm |
| 14:22 | Build | Watch Tower |
| 14:49 | Create | Villager (Male) |
| 14:55 | Age | Castle Age |
| 15:16 | Create | Villager (Male) |
| 15:29 | Build | Castle |
| 15:40 | Create | Villager (Male) |
| 15:49 | Build | Farm |
| 16:06 | Create | Villager (Male) |
| 16:07 | Build | Farm |
| 16:17 | Build | Gate |
| 16:19 | Build | House |
| 16:21 | Build | Stone Wall |
| 16:26 | Create | Conquistador |
| 16:28 | Create | Villager (Male) |
| 16:39 | Build | Mining Camp |
| 16:45 | Build | Mining Camp |
| 16:49 | Create | Villager (Male) |
| 16:51 | Create | Conquistador |
| 17:01 | Create | Villager (Male) |
| 17:02 | Build | Farm |
| 17:04 | Build | Farm |
| 17:22 | Build | Farm |
| 17:25 | Build | Farm |
| 17:30 | Create | Villager (Male) |
| 17:35 | Build | Farm |
| 17:56 | Build | Monastery |
| 18:06 | Create | Villager (Male) |
| 18:24 | Create | Villager (Male) |
| 18:31 | Create | Missionary |
| 18:37 | Build | Monastery |
| 18:39 | Create | Villager (Male) |
| 19:01 | Create | Missionary |
| 19:03 | Create | Villager (Male) |
| 19:05 | Build | Farm |
| 19:08 | Build | Farm |
| 19:13 | Create | Missionary |
| 19:26 | Create | Villager (Male) |
| 19:37 | Create | Missionary |
| 19:41 | Research | Horse Collar |
| 19:51 | Create | Missionary |
| 19:54 | Create | Villager (Male) |
| 20:03 | Build | Monastery |
| 20:19 | Create | Missionary |
| 20:37 | Build | Barracks |
| 20:39 | Create | Villager (Male) |
| 20:45 | Research | Sanctity |
| 20:45 | Research | Sanctity |
| 20:49 | Research | Gold Mining |
| 21:08 | Create | Missionary |
| 21:15 | Create | Villager (Male) |
| 21:18 | Build | Mining Camp |
| 21:23 | Create | Missionary |
| 21:32 | Create | Villager (Male) |
| 21:36 | Build | Palisade Gate |
| 21:38 | Build | House |
| 21:38 | Build | House |
| 21:54 | Create | Missionary |
| 22:02 | Create | Missionary |
| 22:08 | Research | Wheelbarrow |
| 22:08 | Research | Wheelbarrow |
| 22:26 | Build | Stable |
| 22:38 | Research | Scale Barding Armor |
| 22:40 | Create | Missionary |
| 22:42 | Create | Missionary |
| 22:49 | Build | Farm |
| 22:50 | Build | Farm |
| 22:53 | Create | Missionary |
| 22:54 | Create | Missionary |
| 22:57 | Create | Villager (Male) |
| 23:03 | Build | Outpost |
| 23:13 | Create | Missionary |
| 23:38 | Research | Bloodlines |
| 23:42 | Create | Missionary |
| 23:44 | Create | Villager (Male) |
| 23:46 | Build | House |
| 23:47 | Build | House |
| 23:49 | Build | House |
| 23:54 | Create | Missionary |
| 24:06 | Create | Villager (Male) |
| 24:26 | Research | Inquisition |
| 24:26 | Research | Inquisition |
| 24:54 | Research | Redemption |
| 25:17 | Research | Chain Barding Armor |
Build order — acherafo1234
First 150 of 276 actions detected
| 0:00 | Create | Villager (Male) |
| 0:00 | Create | Villager (Male) |
| 0:01 | Build | House |
| 0:02 | Build | House |
| 0:03 | Create | Villager (Male) |
| 0:39 | Create | Villager (Male) |
| 1:25 | Create | Villager (Male) |
| 1:37 | Create | Villager (Male) |
| 2:19 | Build | House |
| 2:23 | Create | Villager (Male) |
| 2:50 | Create | Villager (Male) |
| 3:03 | Create | Villager (Male) |
| 3:29 | Create | Villager (Male) |
| 3:39 | Create | Villager (Male) |
| 4:01 | Create | Villager (Male) |
| 4:07 | Build | Barracks |
| 4:24 | Create | Villager (Male) |
| 4:43 | Build | House |
| 5:07 | Create | Villager (Male) |
| 5:12 | Create | Villager (Male) |
| 6:20 | Research | Feudal Age |
| 6:36 | Create | Militia |
| 6:42 | Research | Loom |
| 6:50 | Create | Militia |
| 7:09 | Create | Militia |
| 7:23 | Build | Mill |
| 7:54 | Create | Villager (Male) |
| 8:01 | Build | House |
| 8:30 | Age | Feudal Age |
| 8:34 | Create | Villager (Male) |
| 8:38 | Research | Man-at-Arms (upgrade) |
| 8:38 | Research | Man-at-Arms (upgrade) |
| 8:45 | Build | Mule Cart |
| 8:52 | Create | Villager (Male) |
| 8:57 | Build | Archery Range |
| 9:17 | Create | Villager (Male) |
| 9:23 | Build | House |
| 9:39 | Create | Villager (Male) |
| 9:51 | Build | Watch Tower |
| 9:52 | Create | Villager (Male) |
| 10:08 | Research | Arson |
| 10:13 | Build | House |
| 10:27 | Research | Double-Bit Axe |
| 10:27 | Research | Double-Bit Axe |
| 10:30 | Create | Villager (Male) |
| 10:31 | Create | Villager (Male) |
| 10:41 | Build | House |
| 10:45 | Build | House |
| 10:50 | Build | Palisade Wall |
| 10:51 | Build | Palisade Wall |
| 10:51 | Build | Palisade Wall |
| 10:52 | Build | Palisade Wall |
| 10:53 | Build | Palisade Wall |
| 10:54 | Build | Palisade Wall |
| 10:54 | Build | Palisade Wall |
| 10:56 | Build | Palisade Wall |
| 10:56 | Build | Palisade Wall |
| 10:57 | Build | Palisade Wall |
| 10:59 | Create | Villager (Male) |
| 11:11 | Create | Archer |
| 11:27 | Create | Villager (Male) |
| 11:33 | Create | Villager (Male) |
| 12:01 | Build | Farm |
| 12:12 | Create | Villager (Male) |
| 12:13 | Create | Villager (Male) |
| 12:20 | Build | Mule Cart |
| 12:29 | Create | Archer |
| 12:40 | Build | Watch Tower |
| 12:41 | Build | Palisade Wall |
| 12:41 | Build | Palisade Wall |
| 12:44 | Create | Villager (Male) |
| 12:53 | Build | Farm |
| 13:19 | Create | Villager (Male) |
| 13:29 | Create | Archer |
| 13:30 | Create | Villager (Male) |
| 13:33 | Build | Farm |
| 13:43 | Build | Farm |
| 13:51 | Create | Villager (Male) |
| 13:58 | Create | Archer |
| 14:03 | Build | Farm |
| 14:17 | Create | Villager (Male) |
| 14:36 | Create | Archer |
| 14:39 | Build | Farm |
| 14:48 | Create | Villager (Male) |
| 14:53 | Build | House |
| 14:58 | Build | House |
| 15:03 | Build | Farm |
| 15:11 | Create | Villager (Male) |
| 15:13 | Build | House |
| 15:15 | Build | House |
| 15:19 | Build | Farm |
| 15:23 | Create | Skirmisher |
| 15:51 | Create | Villager (Male) |
| 15:55 | Build | Farm |
| 15:56 | Build | Farm |
| 15:57 | Create | Skirmisher |
| 16:15 | Create | Skirmisher |
| 16:16 | Create | Villager (Male) |
| 16:27 | Build | Watch Tower |
| 16:29 | Build | Farm |
| 16:32 | Create | Skirmisher |
| 16:34 | Create | Villager (Male) |
| 16:55 | Create | Skirmisher |
| 16:57 | Create | Villager (Male) |
| 17:06 | Build | House |
| 17:09 | Build | Farm |
| 17:15 | Build | Mule Cart |
| 17:21 | Create | Villager (Male) |
| 17:34 | Create | Skirmisher |
| 17:37 | Create | Villager (Male) |
| 17:45 | Build | Watch Tower |
| 17:55 | Build | Watch Tower |
| 17:57 | Create | Villager (Male) |
| 18:10 | Build | Palisade Wall |
| 18:21 | Build | Farm |
| 18:21 | Create | Villager (Male) |
| 18:23 | Create | Villager (Male) |
| 18:23 | Research | Wheelbarrow |
| 18:35 | Build | House |
| 18:40 | Build | Blacksmith |
| 18:47 | Build | Farm |
| 18:51 | Create | Skirmisher |
| 19:03 | Create | Villager (Male) |
| 19:06 | Research | Stone Mining |
| 19:16 | Create | Skirmisher |
| 19:22 | Create | Skirmisher |
| 19:27 | Create | Villager (Male) |
| 19:29 | Build | Mule Cart |
| 19:37 | Research | Horse Collar |
| 19:37 | Research | Horse Collar |
| 19:55 | Create | Villager (Male) |
| 19:58 | Build | Stable |
| 20:04 | Research | Fletching |
| 20:10 | Build | House |
| 20:11 | Build | House |
| 20:12 | Build | House |
| 20:30 | Create | Villager (Male) |
| 20:41 | Research | Town Watch |
| 20:45 | Build | Watch Tower |
| 20:53 | Create | Skirmisher |
| 20:55 | Create | Villager (Male) |
| 21:00 | Build | Farm |
| 21:02 | Build | Farm |
| 21:07 | Build | House |
| 21:08 | Build | House |
| 21:11 | Create | Scout Cavalry |
| 21:13 | Research | Scale Barding Armor |
| 21:27 | Build | Farm |
| 21:28 | Create | Villager (Male) |
| 21:33 | Build | Watch Tower |
Match timeline
| 4:07 | acherafo1234 · first_building Barracks |
| 4:25 | TAG_Sitaux · wall_segment Palisade Wall x8 |
| 5:29 | TAG_Sitaux · wall_segment Palisade Wall x1 |
| 5:30 | TAG_Sitaux · wall_segment Palisade Wall x1 |
| 5:47 | TAG_Sitaux · wall_segment Palisade Wall x1 |
| 5:58 | TAG_Sitaux · wall_segment Palisade Wall x1 |
| 5:59 | TAG_Sitaux · wall_segment Palisade Wall x1 |
| 6:04 | TAG_Sitaux · wall_segment Palisade Wall x2 |
| 6:05 | TAG_Sitaux · wall_segment Palisade Wall x15 |
| 6:54 | TAG_Sitaux · wall_segment Palisade Wall x1 |
| 6:55 | TAG_Sitaux · wall_segment Palisade Wall x1 |
| 7:21 | TAG_Sitaux · wall_segment Palisade Wall x1 |
| 7:23 | TAG_Sitaux · wall_segment Palisade Wall x1 |
| 7:26 | TAG_Sitaux · wall_segment Palisade Wall x1 |
| 8:30 | acherafo1234 · age_up feudal |
| 8:57 | acherafo1234 · first_building Archery Range |
| 10:50 | acherafo1234 · wall_segment Palisade Wall x1 |
| 10:51 | acherafo1234 · wall_segment Palisade Wall x1 |
| 10:51 | acherafo1234 · wall_segment Palisade Wall x1 |
| 10:52 | acherafo1234 · wall_segment Palisade Wall x1 |
| 10:53 | acherafo1234 · wall_segment Palisade Wall x2 |
| 10:54 | acherafo1234 · wall_segment Palisade Wall x1 |
| 10:54 | acherafo1234 · wall_segment Palisade Wall x1 |
| 10:56 | acherafo1234 · wall_segment Palisade Wall x1 |
| 10:56 | TAG_Sitaux · age_up feudal |
| 10:56 | acherafo1234 · wall_segment Palisade Wall x1 |
| 10:57 | acherafo1234 · wall_segment Palisade Wall x1 |
| 11:19 | TAG_Sitaux · wall_segment Stone Wall x1 |
| 11:21 | TAG_Sitaux · wall_segment Stone Wall x1 |
| 11:24 | TAG_Sitaux · wall_segment Stone Wall x1 |
| 11:26 | TAG_Sitaux · wall_segment Stone Wall x1 |
| 11:32 | TAG_Sitaux · wall_segment Stone Wall x1 |
| 11:45 | TAG_Sitaux · wall_segment Stone Wall x1 |
| 11:46 | TAG_Sitaux · wall_segment Stone Wall x1 |
| 12:08 | TAG_Sitaux · first_market_sell 100 stone |
| 12:41 | acherafo1234 · wall_segment Palisade Wall x1 |
| 12:41 | acherafo1234 · wall_segment Palisade Wall x1 |
| 13:43 | TAG_Sitaux · wall_segment Palisade Wall x1 |
| 13:44 | TAG_Sitaux · wall_segment Palisade Wall x1 |
| 14:55 | TAG_Sitaux · age_up castle |
| 15:29 | TAG_Sitaux · first_building Castle |
| 16:21 | TAG_Sitaux · wall_segment Stone Wall x1 |
| 17:56 | TAG_Sitaux · first_building Monastery |
| 18:10 | acherafo1234 · wall_segment Palisade Wall x10 |
| 19:58 | acherafo1234 · first_building Stable |
| 20:37 | TAG_Sitaux · first_building Barracks |
| 22:26 | TAG_Sitaux · first_building Stable |
| 25:34 | TAG_Sitaux · first_market_buy 100 food |
| 28:03 | acherafo1234 · wall_segment Palisade Wall x1 |
| 28:47 | acherafo1234 · age_up castle |
| 29:01 | acherafo1234 · first_market_buy 100 food |
| 29:24 | acherafo1234 · first_market_sell 100 wood |
| 31:20 | TAG_Sitaux · wall_segment Palisade Wall x1 |
| 31:21 | TAG_Sitaux · wall_segment Palisade Wall x1 |
| 31:23 | TAG_Sitaux · wall_segment Palisade Wall x1 |
| 32:10 | TAG_Sitaux · age_up imperial |
| 32:54 | acherafo1234 · resign |
[ AI ANALYSIS · 1 CREDIT ]
What really happened in this match?
Wolo.gg analyzes every decision: build order, eco, micro, common mistakes by bracket. Personalized analysis on WhatsApp or Discord in 30 seconds.
Civ guide
Spanish
Perfil
Sitaux (TAG_Sitaux)